Cogmind - Beta 17 @@@ ROGUE MODE // 2026.07.18 @ 15:36:04 Player: Lazz Result: Destroyed by G-47 Trooper with Particle Gun Performance ------------- Evolutions (2) 1000 Regions Visited (5) 1000 Robots Destroyed (77) 385 Value Destroyed (2962) 2962 Prototype IDs (3) 60 Alien Tech Used (0) 0 Bonus (286) 286 TOTAL SCORE: 5693 Bonus ------- High Alert Combat Kills 86 Entered Garrisons 200 Cogmind --------- Core Integrity 0/550 Matter 33/300 Energy 98/100 System Corruption 0% Temperature Cool (10) Movement Walking (190) Ox1 Location -8/Garrison Parts ------- > --- POWER (1) -------- (None) > --- PROPULSION (3) --- Carbon-fiber Leg > --- UTILITY (4) ------ Large Storage Unit Improved Targeting Computer Hacking Suite Hacking Suite > --- WEAPON (3) ------- (None) > --- INVENTORY (15) --- High-capacity Battery (250) Large Matter Pod (0) Improved Terrain Scanner Improved Targeting Computer Improved Targeting Computer Layered Medium Armor Plating Relay Coupler [Grunt] (27) Relay Coupler [Sentry] (21) Relay Coupler [Specialist] (17) High-powered Tractor Beam Rocket Launcher Rocket Array Rocket Array Rocket Array Heavy Hammer Peak State ------------ > --- POWER ------------ Nuclear Core > --- PROPULSION ------- VSS Leg VSS Leg > --- UTILITY ---------- Large Storage Unit Improved Targeting Computer Hacking Suite Hacking Suite > --- WEAPON ----------- Improved EM Shotgun Enhanced Autogun Rocket Array > --- INVENTORY -------- High-capacity Battery Large Matter Pod Improved Targeting Computer Improved Targeting Computer High-powered Tractor Beam Spread Laser High-powered Shotgun Rocket Array Rocket Array Rocket Array Heavy Hammer [Rating: 33] Favorites ----------- Power Light Ion Engine Engine Light Ion Engine Power Core Nuclear Core Propulsion Aluminum Leg Treads Light Treads Leg Aluminum Leg Utility Improved Targeting Computer Storage Large Storage Unit Processor Improved Targeting Computer Hackware Hacking Suite Protection Hardened Medium Armor Plating Weapon Improved Light Cannon Energy Gun Particle Gun Energy Cannon Light EM Pulse Cannon Ballistic Gun High-powered Shotgun Ballistic Cannon Improved Light Cannon Launcher Rocket Array Build | -11 -10 -9 -8 -8 -8 ------- Run | Yrd Mat Mat Mat Sto Gar Slots Evolved 4 | . . 2 2 . . Power . | . . . . . . Propulsion 1 | . . 1 . . . Utility 2 | . . . 2 . . Weapon 1 | . . 1 . . . Parts Attached 55 | 7 1 17 15 7 8 Power 10 | 1 . 4 3 . 2 Engine 7 | 1 . 4 1 . 1 Core 3 | . . . 2 . 1 Reactor . | . . . . . . Propulsion 17 | 2 . 4 7 1 3 Treads 2 | . . . . . 2 Leg 15 | 2 . 4 7 1 1 Wheel . | . . . . . . Hover . | . . . . . . Flight . | . . . . . . Utility 7 | 1 1 1 3 1 . Device . | . . . . . . Storage 2 | 1 . . 1 . . Processor 2 | . 1 1 . . . Hackware 2 | . . . 1 1 . Protection 1 | . . . 1 . . Artifact . | . . . . . . Weapon 21 | 3 . 8 2 5 3 Energy Gun 8 | 2 . 3 . 2 1 Energy Cannon 1 | . . 1 . . . Ballistic Gun 7 | 1 . 1 1 3 1 Ballistic Cannon 3 | . . 3 . . . Launcher 2 | . . . 1 . 1 Special Weapon . | . . . . . . Impact Weapon . | . . . . . . Slashing Weapon . | . . . . . . Piercing Weapon . | . . . . . . Special Melee Weapon . | . . . . . . Unidentified Prototypes 3 | . . . 2 1 . Parts Lost 33 | . 1 8 5 8 11 Power 3 | . . 1 . . 2 Propulsion 13 | . . 3 4 3 3 Utility 2 | . 1 . 1 . . Weapon 15 | . . 4 . 5 6 Highest Loss Streak 5 | . 1 5 3 2 4 To Critical Strikes . | . . . . . . Average Backups 8 | . 3 5 9 11 13 Power . | . . . . . . Propulsion . | . . . . . . Utility 4 | . . 3 5 5 8 Weapon 3 | . 2 1 3 6 5 Tool/Special . | . . . . . . Unused Backups 15 | . . 1 . . 14 Power . | . . . . . . Propulsion . | . . . . . . Utility 10 | . . . . . 10 Weapon 5 | . . 1 . . 4 Tool/Special . | . . . . . . Average Slot Usage (%) 84 | . 86 78 88 89 79 Engine 6 | . 14 8 6 . 4 Core 2 | . . . 2 9 3 Treads 1 | . . . . . 10 Leg 21 | . 28 23 26 20 6 Storage 9 | . 14 11 9 9 9 Processor 7 | . 1 5 9 9 9 Hackware 6 | . . . 3 16 18 Protection 1 | . . . 3 . . Energy Gun 6 | . 28 16 . 2 . Energy Cannon 1 | . . 6 . . . Ballistic Gun 5 | . . 5 . 11 14 Ballistic Cannon 11 | . . 1 26 10 . Peak Build Rating 33 | 6 7 14 30 33 29 Average Rating 18 | 4 6 10 20 27 23 On Entrance 12 | . 6 6 14 26 25 Avg Prop Armor Cover (%) 6 | . . . . . 6 Naked Turns . | . . . . . . Heaviest Build 49 | 12 12 22 49 40 38 Greatest Support 40 | 20 20 30 34 34 40 Greatest Overweight (x) 3 | . . 2 2 3 2 Average Overweight (x) . | . . . . 1 . Largest Inventory Capacity 15 | 8 8 8 15 15 15 Average Capacity 12 | 6 8 8 14 15 15 Most Carried 15 | 1 5 8 15 14 15 Average Carried 8 | . 3 5 9 11 13 Final Capacity 15 | 8 8 8 15 15 15 Final Carried 15 | 1 5 7 14 12 15 Class Distribution -------------------- 41% | Scavenger-Gunner 25% | Gunner 13% | Mutant 8% | Scavenger-Mutant 6% | Hacker-Mutant 4% | Hacker-Gunner Dominant Class ---------------- Mutant | -10/Materials Gunner | -9/Materials Scavenger-Gunner | -8/Materials Hacker-Gunner | -8/Storage Scavenger-Mutant | -8/Garrison Resources | -11 -10 -9 -8 -8 -8 ----------- Run | Yrd Mat Mat Mat Sto Gar Matter Collected 1914 | 278 10 413 418 511 284 Remotely . | . . . . . . Salvage Created 2417 | 112 100 626 434 864 281 Parts 145 | 3 12 48 17 44 21 Haulers Intercepted 4 | . . 2 . 2 . Recyclers Shooed . | . . . . . . Parts Field Recycled . | . . . . . . Retrieved Matter . | . . . . . . Parts Self-Destructed . | . . . . . . Prevented . | . . . . . . Parts Restored . | . . . . . . Kills | -11 -10 -9 -8 -8 -8 ------- Run | Yrd Mat Mat Mat Sto Gar Combat Hostiles Destroyed 59 | . 3 13 12 20 11 Guns 24 | . 3 12 . 5 4 Cannons 20 | . . 1 10 9 . AOE 15 | . . . 2 6 7 Classes Destroyed 14 | 2 3 5 2 . 2 Worker 1 | . . 1 . . . Builder 2 | . . 1 . 1 . Tunneler 1 | 1 . . . . . Hauler 4 | . . 2 . 2 . Recycler 2 | 1 . . . 1 . Operator 3 | . 1 1 . 1 . Watcher 5 | . 1 1 . 2 1 Swarmer 11 | . 3 3 . 2 3 Grunt 28 | . . 8 5 11 4 Sentry 12 | . . 2 2 7 1 Specialist 5 | . . . 4 . 1 Hunter 1 | . . . . . 1 Programmer 1 | . . . . . 1 Heavy 1 | . . . 1 . . Best Kill Streak 14 | 2 4 4 3 14 4 Combat Bots Only 5 | . 3 4 3 5 3 Max Kills in Single Turn 3 | 1 1 1 2 3 2 Gunslinging . | . . . . . . Exploded 2 | . . . 2 2 2 Melee . | . . . . . . Uniques/NPCs Destroyed . | . . . . . . Combat | -11 -10 -9 -8 -8 -8 -------- Run | Yrd Mat Mat Mat Sto Gar Hostile Shots Fired 388 | . 28 109 74 97 80 Missed 119 | . 7 26 28 37 21 Hits 269 | . 21 83 46 60 59 Projectile 269 | . 21 83 46 60 59 Critical Strikes 8 | . . 1 1 4 2 Damage Taken 4257 | . 186 892 1093 1000 1086 Core 771 | . 20 193 150 149 259 Absorbed by Shields . | . . . . . . Core Remaining (%) 81 | 100 92 51 . . . Volleys Fired 173 | 6 13 57 19 57 21 Largest 3 | 2 2 3 3 3 3 Hottest 186 | 60 80 186 99 135 95 Shots Fired 407 | 12 26 132 57 141 39 Gun 277 | 12 26 124 . 83 32 Cannon 119 | . . 8 57 54 . Launcher 11 | . . . . 4 7 Special . | . . . . . . Kinetic 267 | 6 . 53 57 121 30 Thermal 65 | . . 58 . 7 . Explosive 11 | . . . . 4 7 Electromagnetic 64 | 6 26 21 . 9 2 Robot Hit Streak 18 | 4 5 12 18 15 6 Robot Miss Streak 7 | 1 2 5 3 6 7 Penetration Max . | . . . . . . Secondary Targets 4 | . 2 2 . . . Max Gunslinging Chain 1 | . 1 1 . . . Shots Hit Robots 269 | 9 15 83 39 95 28 Core Hits 151 | 3 6 33 21 56 32 Critical Kills . | . . . . . . Critical Parts Destroyed . | . . . . . . Critical Strikes 8 | . . 2 3 3 . Burn 2 | . . 2 . . . Blast 6 | . . . 3 3 . Melee Attacks . | . . . . . . Impact . | . . . . . . Slashing . | . . . . . . Piercing . | . . . . . . Sneak Attacks . | . . . . . . Combat Hostiles . | . . . . . . Follow-up Attacks . | . . . . . . Damage Inflicted 5985 | 115 212 1115 1128 2344 1071 Guns 2610 | 115 212 1029 . 939 315 Cannons 1816 | . . 86 917 813 . Explosions 1559 | . . . 211 592 756 Melee . | . . . . . . Ramming . | . . . . . . Kinetic 3174 | 45 . 400 917 1517 295 Thermal 864 | . . 504 211 149 . Explosive 1289 | . . . . 533 756 Electromagnetic 658 | 70 212 211 . 145 20 Impact . | . . . . . . Slashing . | . . . . . . Piercing . | . . . . . . Highest Corruption . | . . . . . . Average Corruption . | . . . . . . Corruption Purged . | . . . . . . Corruption Blocked . | . . . . . . Overload Shots . | . . . . . . Overflow Damage 114 | . . . 34 26 54 Projectiles . | . . . . . . Explosions 114 | . . . 34 26 54 Melee . | . . . . . . Knockbacks 15 | . . . 10 5 . Impact . | . . . . . . Kinetic 11 | . . . 8 3 . Secondary 4 | . . . 2 2 . Self-Inflicted Damage 647 | . . . 94 106 447 Shots 27 | . . . 1 6 20 Rammed . | . . . . . . Targets Rammed . | . . . . . . Kicked . | . . . . . . Crushed . | . . . . . . Highest Temperature 519 | . 90 519 256 353 24 Average Temperature 95 | . 37 115 67 108 9 Received Heat Transfer 1353 | . 24 402 207 459 261 Effects 5 | . . 4 . 1 . Matter Decay 1 | . . 1 . . . Short Circuit 2 | . . 1 . 1 . Damage (minor) 2 | . . 2 . . . Siege Activations . | . . . . . . Martial Activations . | . . . . . . Shielding Activations . | . . . . . . Robots Disrupted . | . . . . . . Combat Hostiles . | . . . . . . Robots Corrupted . | . . . . . . Combat Hostiles . | . . . . . . Parts Fried . | . . . . . . Impact Corruptions . | . . . . . . Robots Melted . | . . . . . . Combat Hostiles . | . . . . . . Parts Melted 4 | . . 4 . . . Heat Transferred 1594 | . . 1334 100 160 . Parts Sabotaged . | . . . . . . Parts Stolen . | . . . . . . Parts Stripped . | . . . . . . Power Chain Reactions 1 | . . . . 1 . Alert | -11 -10 -9 -8 -8 -8 ------- Run | Yrd Mat Mat Mat Sto Gar Maximum Alert Level 2 | . . . . 2 2 Low Security (%) 79 | 100 100 100 100 60 . Level 1 13 | . . . . 32 57 Level 2 7 | . . . . 7 42 Level 3 . | . . . . . . Level 4 . | . . . . . . Level 5 . | . . . . . . High Security . | . . . . . . Max Security . | . . . . . . Peak Influence 563 | 10 65 154 162 409 563 Initial 251 | . . . 29 63 251 Average 122 | 1 18 89 26 201 411 Influence Increases 1985 | 10 82 440 410 631 412 Destroy 0b10 Robot/C 1180 | . 60 260 240 400 220 Destroy 0b10 Robot/NC 90 | 10 10 30 . 35 5 Destroy Leader 256 | . 12 56 70 108 10 Successful Hack 21 | . . 2 7 12 . Disable Machine 60 | . . 30 15 15 . Anti-Garrison Action 100 | . . . . . 100 Destroy Structure 158 | . . 2 33 61 62 Lose Combat Pursuer 120 | . . 60 45 . 15 Influence Decreases 1432 | 10 82 370 330 394 246 Entered New Map 264 | . . . 41 87 136 Time Decay 733 | 10 72 290 167 194 . Lost Part 320 | . 10 80 40 80 110 Purge Threat 115 | . . . 82 33 . Squads Dispatched 12 | . . 2 5 5 . Investigation 2 | . . . . 2 . Extermination . | . . . . . . Reinforcement 7 | . . 2 5 . . Assault . | . . . . . . Garrison 3 | . . . . 3 . Intercept . | . . . . . . Searches Triggered . | . . . . . . Construction Impeded . | . . . . . . Haulers Reinforced . | . . . . . . Active Scanning Responses . | . . . . . . Cargo Convoy Interrupts . | . . . . . . Stealth | -11 -10 -9 -8 -8 -8 --------- Run | Yrd Mat Mat Mat Sto Gar Distress Signals 9 | . 1 2 1 3 2 Communications Jammed . | . . . . . . Distress Signals . | . . . . . . Times Spotted 96 | . 13 27 14 24 18 Peak Tracking Total 6 | . 5 5 4 6 5 Tactical Retreats 7 | . . 4 2 . 1 Traps | -11 -10 -9 -8 -8 -8 ------- Run | Yrd Mat Mat Mat Sto Gar Traps Triggered 5 | . . 2 . 1 2 Indirectly . | . . . . . . Trap Hack Attempts . | . . . . . . Triggered . | . . . . . . Disarmed . | . . . . . . Reprogrammed . | . . . . . . Reused . | . . . . . . Traps Extracted . | . . . . . . Installed . | . . . . . . Triggered . | . . . . . . Machines | -11 -10 -9 -8 -8 -8 ---------- Run | Yrd Mat Mat Mat Sto Gar Machines Disabled 7 | . . 2 1 1 3 Max in Single Turn 1 | . . 1 1 1 1 Garrison Relay 2 | . . . . . 2 Machines Repaired . | . . . . . . Machines Dismantled . | . . . . . . Machines Sabotaged . | . . . . . . Overloaded Fab Kills . | . . . . . . Hacking | -11 -10 -9 -8 -8 -8 --------- Run | Yrd Mat Mat Mat Sto Gar Machines Accessed 8 | . . 2 2 4 . Terminals 6 | . . 1 2 3 . Fabricators . | . . . . . . Repair Stations . | . . . . . . Recycling Units . | . . . . . . Scanalyzers 1 | . . 1 . . . Garrison Access 1 | . . . . 1 . Total Hacks 25 | . . 8 6 11 . Successful 10 | . . 4 3 3 . Failed 15 | . . 4 3 8 . Catastrophic 2 | . . 1 . 1 . Database Lockouts . | . . . . . . Manual 10 | . . 3 1 6 . Terminals 19 | . . 3 6 10 . Fabricators . | . . . . . . Repair Stations . | . . . . . . Recycling Units . | . . . . . . Scanalyzers 5 | . . 5 . . . Garrison Access 1 | . . . . 1 . Terminal Hacks 5 | . . . 3 2 . Terminal Index 1 | . . . . 1 . Unreport Threat 4 | . . . 3 1 . Fabricator Hacks . | . . . . . . Repair Station Hacks . | . . . . . . Recycling Unit Hacks . | . . . . . . Scanalyzer 4 | . . 4 . . . Insert Component 1 | . . 1 . . . Analyze 1 | . . 1 . . . Retrieve Study 2 | . . 2 . . . Garrison Access Hacks 1 | . . . . 1 . Unlock Access 1 | . . . . 1 . Unauthorized Hacks . | . . . . . . Terminals . | . . . . . . Fabricators . | . . . . . . Repair Stations . | . . . . . . Recycling Units . | . . . . . . Scanalyzers . | . . . . . . Garrison Access . | . . . . . . Data Cores Recovered 1 | . 1 . . . . Used . | . . . . . . Hacking Detections 6 | . . 1 2 3 . Full Trace Events 3 | . . . . 3 . Feedback Events . | . . . . . . Feedback Blocked . | . . . . . . Robot Schematics Acquired . | . . . . . . Robots Built . | . . . . . . Authchips . | . . . . . . Time . | . . . . . . Total Robot Build Rating . | . . . . . . Part Schematics Acquired 1 | . . 1 . . . Parts Built . | . . . . . . Authchips . | . . . . . . Time . | . . . . . . Total Part Build Rating . | . . . . . . Part Studies Acquired 2 | . . 2 . . . Parts Repaired . | . . . . . . Time . | . . . . . . Parts Recycled . | . . . . . . Recycled Matter . | . . . . . . Retrieved Matter . | . . . . . . Retrieved Components . | . . . . . . Parts Scanalyzed 1 | . . 1 . . . Part Schematics Acquired 1 | . . 1 . . . Parts Damaged . | . . . . . . Bothacking | -11 -10 -9 -8 -8 -8 ------------ Run | Yrd Mat Mat Mat Sto Gar Used RIF Installer . | . . . . . . Robots Hacked . | . . . . . . Non-combat . | . . . . . . Combat . | . . . . . . Robot Hacks Applied . | . . . . . . Relay Couplers Released 8 | . . . . . 8 Machine Destruction 8 | . . . . . 8 Fabnet Peak Effective % . | . . . . . . Robots Rewired . | . . . . . . Allies Hacked . | . . . . . . Hacks Repelled . | . . . . . . Allies | -11 -10 -9 -8 -8 -8 -------- Run | Yrd Mat Mat Mat Sto Gar Total Allies . | . . . . . . Largest Group . | . . . . . . Highest-Rated Group . | . . . . . . Highest-Rated Ally . | . . . . . . Total Orders . | . . . . . . Ally Attacks . | . . . . . . Total Damage . | . . . . . . Kills . | . . . . . . Allies Corrupted . | . . . . . . Allies Melted . | . . . . . . Intel | -11 -10 -9 -8 -8 -8 ------- Run | Yrd Mat Mat Mat Sto Gar Active Infowar (turns) . | . . . . . . Robot Analysis Total . | . . . . . . Derelict Logs Recovered . | . . . . . . Drone Launches . | . . . . . . Drone Recoveries . | . . . . . . Exploration | -11 -10 -9 -8 -8 -8 ------------- Run | Yrd Mat Mat Mat Sto Gar Turns Passed 3103 | 99 267 695 1121 450 471 Spaces Moved 1219 | 61 177 337 300 144 200 Core 4 | 4 . . . . . Treads 133 | . . . . . 133 Legs 1082 | 57 177 337 300 144 67 Wheels . | . . . . . . Hover . | . . . . . . Flight . | . . . . . . Fastest Speed 50 | 50 120 105 105 95 160 Average Speed 157 | 115 120 136 174 191 190 Slowest Speed 360 | 120 120 260 257 360 270 Overloaded Moves . | . . . . . . Propulsion Burnouts . | . . . . . . Robots Hopped . | . . . . . . Potential Cave-ins . | . . . . . . Cave-ins Triggered . | . . . . . . Exploration Rate (%) 24 | 5 34 28 22 32 25 Regions Visited 5 Branch Regions 1 Pre-discovered Areas . | . . . . . . Known Exits Taken 1 | . . . . 1 . Unknown Exits Taken 4 | 1 1 1 1 . . Scrap Searched . | . . . . . . Spaces Dug . | . . . . . . Terrain Destroyed 189 | . . . 36 79 74 Melee . | . . . . . . Projectile 4 | . . . 2 2 . AOE 185 | . . . 34 77 74 Terrain Rammed . | . . . . . . Walls Destroyed . | . . . . . . Machines Disabled . | . . . . . . Actions | -11 -10 -9 -8 -8 -8 --------- Run | Yrd Mat Mat Mat Sto Gar Total 2052 | 74 205 454 854 216 249 Wait 539 | . 11 25 499 1 3 Move 1215 | 60 176 336 299 144 200 Hop . | . . . . . . Pick Up 26 | 1 4 5 9 2 5 Fast Attach 46 | 6 1 19 9 4 7 Attach 9 | . . 2 2 4 1 Detach 2 | . . . 1 1 . Swap 13 | 1 . 2 8 2 . Drop 19 | . . 8 8 1 2 Fire 173 | 6 13 57 19 57 21 Melee . | . . . . . . Ram . | . . . . . . Kick . | . . . . . . Crush . | . . . . . . Escape Stasis 10 | . . . . . 10 Rewire . | . . . . . . Trap . | . . . . . . Miscellaneous . | . . . . . . Route ------- -11/Scrapyard -10/Materials -9/Materials -8/Materials -8/Storage -8/Garrison History --------- Turn | Location | Event 3 | -11/Scrapyard | Discovered new exit (range 15) 100 | -11/Scrapyard | Entered Materials 301 | -10/Materials | Build established: Mutant 360 | -10/Materials | Discovered new exit (range 8) 367 | -10/Materials | Entered another Materials area 367 | -9/Materials | Evolved 2 slots: Propulsion x1, Weapon x1 513 | -9/Materials | Lost 5 parts (1p2n2w) 816 | -9/Materials | Build established: Gunner 992 | -9/Materials | Lost 3 parts (1n2w) 1002 | -9/Materials | Discovered new exit (range 15) 1062 | -9/Materials | Entered another Materials area 1062 | -8/Materials | Evolved 2 slots: Utility x2 1333 | -8/Materials | Build established: Scavenger-Gunner 1874 | -8/Materials | Found Prototype Launcher 1874 | -8/Materials | Identified Rocket Array 1881 | -8/Materials | Found Rocket Array 1884 | -8/Materials | Found Rocket Array 1887 | -8/Materials | Found Rocket Array 2091 | -8/Materials | Discovered new exit (range 11) 2158 | -8/Materials | Lost 3 parts (2n1u) 2183 | -8/Materials | Entered Storage 2360 | -8/Storage | Garrison activated, responded to threat 2485 | -8/Storage | Core integrity fell below 50% 2633 | -8/Storage | Identified exit to Garrison 2633 | -8/Storage | Entered Garrison 2663 | -8/Garrison | Triggered checkpoint 2723 | -8/Garrison | Triggered checkpoint 2759 | -8/Garrison | Garrison Relay disabled 2891 | -8/Garrison | Triggered checkpoint 3022 | -8/Garrison | Lost 4 parts (1p1n2w) 3081 | -8/Garrison | Triggered checkpoint 3082 | -8/Garrison | Core integrity fell below 20% 3085 | -8/Garrison | Triggered checkpoint 3104 | -8/Garrison | Destroyed by G-47 Trooper with Particle Gun Last Messages --------------- 03020_ The unstable cave ceiling collapses. 03045_ Acquired 9 matter. 03050_ Acquired 22 matter. 03054_ Acquired Mic. Nuclear Core. 03061_ Acquired Shock Rifle. 03069_ W-25 Informer sends out distress signal. Garrison Door activated. 03081_ Mic. Nuclear Core destroyed. 03081_ Destroyed Mic. Nuclear Core. 03085_ G-47 Trooper destroyed. 03085_ Lgt. Treads destroyed. 03085_ Destroyed Lgt. Treads. 03085_ Destroyed Aluminum Leg. 03085_ G-47 Trooper destroyed. 03085_ Rocket Array destroyed. 03085_ Destroyed Rocket Array. 03089_ The unstable cave ceiling collapses. 03097_ Critical hit (Burn: +37). 03099_ Shock Rifle destroyed. 03102_ The unstable cave ceiling collapses. Map ----- +----------------------------------------------------+ | ???????????????????????????????????????????# #??? | | ???????????????????????????????????????????# #??? | | ???????????????????????????????????????????# #??? | | ???????????????????????????????????????????# #??? | | ???????????????????????????????????????????# #??? | | ??????????????????????###################### #??? | | ??????????????????????# #??? | | ??????????????????????# #??? | | ??????????????????????# ######################??? | | ??????????????????????# #???????????????????????? | | ??????????????????????# #???????????????????????# | | ??????????????????????# #?????????????????????### | | ??????????????????????# #????????????????????## | | ????????????????#####?# #???#####????######### | | ????????????# ??# ?# #???# ###### # # | | ???????????## ## ## ##??# # # ## # # # | | ???????????# ##### # ### # ## # | | ?????????? | | ???????????# # | | ???????????# ## #### #### ## # | | ??????????## # #### ####?# # ### | | ?????????# g ## ##????####### ### | | ?????????# ###????????????#####?? | | ?????????# g #????????????????????? | | ?????????# g #????????????????????? | | ??????????## ## ## @###????????????????????? | | ???????????# ??# ?# #??????????????????????? | | ?????????????? ? ??????????????????????? | | ???????????? ?????????????????????? | | ???????????# ###????????????????????? | | ????????????# ## ######??????????????????????? | | ????????????# ??# ????????????????????????????? | | ????????????????####?????????????????????????????? | | ?????????????????????????????????????????????????? | | ?????????????????????????????????????????????????? | | ?????????????????????????????????????????????????? | | ?????????????????????????????????????????????????? | | ?????????????????????????????????????????????????? | | ?????????????????????????????????????????????????? | | ?????????????????????????????????????????????????? | | ?????????????????????????????????????????????????? | | ?????????????????????????????????????????????????? | | ?????????????????????????????????????????????????? | | ?????????????????????????????????????????????????? | | ?????????????????????????????????????????????????? | | ?????????????????????????????????????????????????? | | ?????????????????????????????????????????????????? | | ?????????????????????????????????????????????????? | | ?????????????????????????????????????????????????? | | ?????????????????????????????????????????????????? | +----------------------------------------------------+ Best States ------------- Heat Dissipation 31 Energy Generation 15 Energy Capacity 275 Matter Stores 300 Matter Capacity 300 Sight Range 16 Terrain Scan Density 10 Armor Coverage 225 Evasion (%) 55 Targeting Accuracy 6 Recoil Reduction 2 Offensive Hacking 20 Item Schematics ----------------- Hacking Suite | -9/Materials | Scanalyzed Robot Schematics ------------------ None Fabricated ------------ Nothing Repaired ---------- Nothing Studied --------- Imp. Light Cannon | -9/Materials | Hacked Aluminum Leg | -9/Materials | Hacked Alien Tech Used ----------------- None Achievements -------------- None Challenges ------------ None Game ------ Seed MobileMasterSpecial Manual? 0 Play Time 00:21:59 Cumulative 224.2 hours Start 2026.07.18 @ 15:15:14 End 2026.07.18 @ 15:36:04 Sessions 1 Manual Loads 0 Difficulty Rogue Special Mode None Game No. 304 Rogue 304 Adventurer 0 Explorer 0 Win Type - Total 3 Types 2/0/0/1/0/0/0/0/0/0 Lore% 76 Gallery% 63 Achievement% 51 Wizard Run 0 Options --------- Layout 2 ASCII 0 Keyboard 0 Movement Mouse Keybinds 0 Fullscreen 1 Font 24/Smallcaps Map View 50x44 Zoom Use 0% Tactical HUD 1 Map Filters NONE Filters NONE Steam 1 RUN: 686c37ee-82ac-432e-a778-c7379214dc3f